 Dungeon Crawl Stone Soup version 0.32-a0-290-g598725c5f2 (webtiles) character file.

Game seed: 18441383722756199864

21 bjtr the Sneak (level 2, -1/13 HPs)
             Began as a Vine Stalker Enchanter on Feb 14, 2024.
             Slain by a gnoll
             ... wielding a +0 flail
              (4 damage)
             ... on level 1 of the Dungeon.
             The game lasted 00:02:27 (347 turns).

bjtr the Sneak (Vine Stalker Enchanter)              Turns: 347, Time: 00:02:28

Health: -1/13      AC:  2    Str: 10    XL:     2   Next: 83%
Magic:  0/6        EV: 11    Int: 15    God:
Gold:   8          SH:  4    Dex: 14    Spells: 5/5 levels left

rFire   . . .        a - +1 dagger
rCold   . . .        e - +0 buckler
rNeg    . . .        b - +0 robe
rPois   .            (no helmet)
rElec   .            (no cloak)
rCorr   .            (no gloves)
SInv    .            (no boots)
Will    .....        (no amulet)
Stlth   +++          (no ring)
HPRegen 1.02/turn    (no ring)
MPRegen 0.10/turn

%: guardian spirit
@: no status effects
A: fangs 2, regeneration 1, magic shield, antimagic bite, no potion heal 2
a: no special abilities


You were on level 1 of the Dungeon.
You visited 1 branch of the dungeon, and saw 1 of its levels.

You collected 8 gold pieces.

Inventory:

Hand Weapons
 a - a +1 dagger (weapon)
Armour
 b - a +0 robe (worn)
 e - a +0 buckler (worn)
Scrolls
 d - a scroll of teleportation {unknown}
Potions
 c - 2 potions of invisibility


   Skills:
 * Level 1.5 Short Blades
 + Level 1.6 Dodging
 + Level 4.1 Stealth
 + Level 2.3 Spellcasting
 * Level 0.1 Conjurations
 - Level 3.1 Hexes


You had 5 spell levels left.
You didn't know any spells.
Your spell library contained the following spells:

 Spells                   Type           Power      Damage    Failure   Level
 Ensorcelled Hibernation  Hex/Ice        12%        N/A       26%         2
 Confusing Touch          Hex            11%        N/A       26%         3
 Tukima's Dance           Hex            11%        N/A       26%         3
 Dazzling Flash           Conj/Hex       12%        N/A       45%         3
 Iskenderun's Battlesphe  Conj           2%         2d6       100%        5
 Bombard                  Conj/Erth      0%         9d1       100%        6
 Spellforged Servitor     Conj/Summ      0%         N/A       100%        7


Dungeon Overview and Level Annotations

Branches:
Dungeon (1/15)

Altars:


Innate Abilities, Weirdness & Mutations

You have extremely sharp teeth.
Your natural rate of healing is unusually fast.
When hurt, damage is shared between your health and your magic reserves.
Your bite disrupts and absorbs the magic of your enemies.
Potions cannot restore your health.


Message History

You closely miss the jackal.
The jackal is almost dead.
The jackal closely misses you.
The jackal bites you but does no damage.
You closely miss the jackal. You bite the jackal.
You kill the jackal!
The jackal barely misses you.
You hit the jackal.
You kill the jackal!
The jackal misses you.
You closely miss the jackal.
The jackal bites you but does no damage.
You barely miss the jackal. Your bite misses the jackal. The jackal bites you.
You hit the jackal.
The jackal is moderately wounded.
The jackal bites you but does no damage.
You block the jackal's attack.
You hit the jackal.
You kill the jackal!
You completely miss the gnoll. Your bite misses the gnoll.
You block the gnoll's attack.
You barely miss the gnoll. You block the gnoll's attack.
You closely miss the gnoll. The gnoll hits you with a +0 flail!
You hit the gnoll but do no damage. You bite the gnoll. You drain its power.
You feel invigorated.
The gnoll is lightly wounded.
You block the gnoll's attack.
You barely miss the gnoll. You bite the gnoll. You drain its power.
You feel invigorated.
The gnoll is lightly wounded.
The gnoll closely misses you.
You barely miss the gnoll.
The gnoll is lightly wounded.
The gnoll hits you with a +0 flail!
Ouch! That really hurt!
* * * LOW HITPOINT WARNING * * *
You hit the gnoll but do no damage.
The gnoll is lightly wounded.
The gnoll hits you with a +0 flail.
You die...

.......... ###
.......... ..#
######..## #.#
.....#..## #.#
#....###.. #.#
......##.. #.#
#....## #g# #.
#.#..## #@# #. ###..
#.# #.## ###.. #.#
#... #..##
#.#.#..#######..##
#.#...............
##.#..#...#########
##....###.....).....
#..##.#.#.##########
#.##.......# #######


You could see a gnoll.

Vanquished Creatures
  3 goblins (D:1)
  4 jackals (D:1)
  2 ball pythons (D:1)
  3 bats (D:1)
12 creatures vanquished.

Notes
Turn   | Place    | Note
-------+----------+-------------------------------------------
     0 | D:1      | bjtr the Vine Stalker Enchanter began the quest for the
                  | Orb.
     0 | D:1      | Reached XP level 1. HP: 9/9 MP: 4/4
    33 | D:1      | Reached skill level 1 in Short Blades
   125 | D:1      | Reached skill level 4 in Stealth
   125 | D:1      | Reached XP level 2. HP: 13/13 MP: 3/6
   347 | D:1      | Slain by a gnoll

Illustrated notes

Levels and vault maps discovered:
D:1:      lightli_iron_boxes, layout_basic, minmay_hexomino_u4

Skill      XL: |  1 |
---------------+----+-----
Short Blades   | 1 |  1.5
Stealth        | 4 |  4.1
Dodging        | |  1.6
Spellcasting   | |  2.3
Conjurations   | |  0.1
Hexes          | |  3.1

Action                     || total
---------------------------++-------
  Melee: Dagger            ||    46
         Bite              ||    11
   Stab: Sleeping          ||     2
 Armour: Robe              ||    30
  Dodge: Dodged            ||    36
  Block: Buckler           ||     4

Table legend: (Time is in decaauts)
 A = Elapsed time spent in this place.
 B = Non-inter-level travel time spent in this place.
 C = Inter-level travel time spent in this place.
 D = Time resting spent in this place.
 E = Time spent auto-exploring this place.
 F = Levels seen in this place.
 G = Mean time per level.
                   A        B        C        D        E       F      G
               +--------+--------+--------+--------+--------+-----+--------+
         Total |    346 |    346 |      0 |      0 |    249 |   1 |  346.0 |
       Dungeon |    346 |    346 |      0 |      0 |    249 |   1 |  346.0 |
               +--------+--------+--------+--------+--------+-----+--------+

Top non-repeatable levels by time:
     D:1: 346 daAuts
